 Dungeon Crawl Stone Soup version 0.14-a0-2746-g43b4f9c (webtiles) character file.

2497 Psiweapon the Skirmisher (level 9, -3/57 HPs)
             Began as a Gargoyle Gladiator on Feb 22, 2014.
             Was a Priest of Trog.
             Slain by an orc warrior
             ... wielding a +2,+1 elven short sword
              (15 damage)
             ... on Level 7 of the Dungeon.
             The game lasted 00:40:30 (7097 turns).

Psiweapon the Skirmisher (Gargoyle Gladiator)       Turns: 7097, Time: 00:40:30

HP  -3/57        AC 15     Str 22      XL: 9   Next: 40%
MP  13/13        EV 10     Int 12      God: Trog [***...]
Gold 207         SH  0     Dex 10      Spells:  0 memorised,  8 levels left

rFire  . . .     SeeInvis .     a - +0 quarterstaff
rCold  . . .     Clarity  .     i - +1 dwarf ring mail
rNeg   + . .     Conserve .     (no shield)
rPois  +         rCorr    .     r - +2 hat {Int+3}
rElec  +         rRot     +     (no cloak)
SustAb . .       Spirit   .     (no gloves)
rMut   .         Warding  .     (no boots)
Saprov . . .     Stasis   .     (no amulet)
MR     ++...                    (no ring)
                                (no ring)

@: regenerating, very resistant to hostile enchantments, extremely unstealthy
A: life protection 1, electricity resistance, unbreathing, petrification
resistance, AC +5
a: Burn Spellbooks, Berserk, Trog's Hand, Renounce Religion


You were on level 7 of the Dungeon.
You worshipped Trog.
Trog was most pleased with you.
You were not hungry.

You visited 1 branch of the dungeon, and saw 7 of its levels.

You collected 207 gold pieces.

Inventory:

Hand weapons
 a - a +0,+0 quarterstaff (weapon)
 b - a +1,+0 bow of flame
 x - a +0,+3 orcish trident of dragon slaying
 C - a +2,+0 elven dagger of venom
Missiles
 j - 28 poisoned needles
 l - 15 stones
 D - 22 arrows
 I - 2 throwing nets
 L - 3 tomahawks (quivered)
Armour
 c - a +0 helmet
 d - a +0 leather armour
 i - a +1 dwarven ring mail (worn)
 m - a +0 plate armour
 r - a +2 hat of intelligence (worn)
 B - a +0 chain mail
Magical devices
 G - a wand of confusion (0)
 H - a wand of lightning (3)
Comestibles
 f - 2 bread rations
 h - a rotting chunk of adder flesh
 E - a lemon
Scrolls
 e - 4 scrolls of immolation {unknown}
 g - 2 scrolls of fog
 s - a scroll of recharging {unknown}
 w - a scroll of fear
 y - a scroll of teleportation {unknown}
 z - a scroll of random uselessness {unknown}
 A - a scroll of amnesia {unknown}
 F - a scroll of enchant weapon II
 J - a scroll of identify
Jewellery
 t - a -2 ring of protection
 u - an uncursed ring of fire
 K - an uncursed amulet of faith {unknown}
Potions
 k - 4 potions of might
 n - 2 potions of curing
 o - a potion of speed
 p - a potion of poison
 q - a potion of resistance
 v - a potion of heal wounds


   Skills:
 + Level 7.2 Fighting
 - Level 0.6 Polearms
 + Level 7.2 Staves
 - Level 3.3 Throwing
 + Level 6.7 Armour
 - Level 4.2 Dodging
 + Level 2.9 Evocations


You had 8 spell levels left.
You didn't know any spells.

Dungeon Overview and Level Annotations

Branches:
Dungeon (7/16) Temple (0/1) D:5 D:6

Altars:
Ashenzari
Trog

Annotations:
D:3 Grinder


Innate Abilities, Weirdness & Mutations

You are resistant to torment.
You are immune to poison.
Your stone body is very resilient (AC +5).
You resist negative energy.
You are resistant to electric shocks.
You can survive without breathing.
You are immune to petrification.


Message History

The orc warrior is almost dead.
You barely miss the orc warrior.
The orc warrior is almost dead.
The orc warrior barely misses you.
You hit the orc warrior but do no damage.
The orc warrior is almost dead.
The orc warrior hits you with an elven short sword!
You hit the orc warrior.
The orc warrior is almost dead.
The orc warrior hits you with an elven short sword!
You hit the orc warrior but do no damage.
The orc warrior is almost dead.
The orc warrior hits you with an elven short sword!
* * * LOW HITPOINT WARNING * * *
Use which ability? (? or * to list)
Your skin crawls.
You feel resistant to hostile enchantments.
You feel slightly more hungry.
The orc warrior hits you with an elven short sword!
You die...

#..# . #..# ... #..# ....
#(.######## #....#
#(................
#(................
#oo...............
#o#############... #@#
#... #.# #... #.# #...
#######.#############...
.........................
...######'##............
#.......#....########
#.......#....#.......
#.......#....#.......


You could see an orc warrior and 2 orcs.

Vanquished Creatures
  Prince Ribbit (D:5)
  2 sky beasts
  An ice beast (D:7)
  4 ogres
  The ghost of Vidiiot the Cudgeler, an average LOAM (D:6)
  A centaur (D:6)
  2 phantoms (D:7)
  A giant frog (D:6)
  A goliath beetle (D:7)
  5 crimson imps
  A yellow wasp zombie (D:6)
  5 orc priests
  A jelly (D:5)
  5 worker ants
  3 hounds
  4 orc wizards
  Ijyb (D:2)
  Jessica (D:2)
  An ogre skeleton (D:5)
  A hound skeleton (D:6)
  4 gnolls (D:7)
  A giant mite (D:5)
  7 adders
  A giant eyeball (D:7)
  4 giant geckos
  2 oozes
  28 orcs
  2 ball pythons
  A bat skeleton (D:7)
  5 giant cockroaches
  9 goblins
  12 hobgoblins
  3 jackals (D:1)
  A quokka (D:4)
  14 bats
  A giant cockroach zombie (D:6)
  8 giant newts
  A goblin zombie (D:5)
  A hobgoblin zombie (D:5)
  16 kobolds
  An orc skeleton (D:7)
  An orc zombie (D:5)
  7 rats
  A bush (D:2)
173 creatures vanquished.

Vanquished Creatures (others)
  An orc wizard (D:5)
1 creature vanquished.

Grand Total: 174 creatures vanquished

Notes
Turn   | Place    | Note
--------------------------------------------------------------
     0 | D:1      | Psiweapon, the Gargoyle Gladiator, began the quest for the Orb.
     0 | D:1      | Reached XP level 1. HP: 12/12 MP: 1/1
   308 | D:1      | Reached XP level 2. HP: 18/18 MP: 2/2
   483 | D:1      | Reached skill level 1 in Armour
   629 | D:1      | Reached XP level 3. HP: 17/22 MP: 3/3
   892 | D:2      | Noticed Jessica
   895 | D:2      | Killed Jessica
   963 | D:2      | Reached XP level 4. HP: 25/27 MP: 4/4
  1015 | D:2      | Found a shattered altar of Ashenzari.
  1726 | D:2      | Noticed Ijyb
  1744 | D:2      | Killed Ijyb
  1744 | D:2      | Reached XP level 5. HP: 32/32 MP: 5/5
  1823 | D:2      | Noticed a moth of wrath
  1825 | D:2      | Found a bloodstained altar of Trog.
  1879 | D:2      | Reached skill level 4 in Staves
  1891 | D:2      | Became a worshipper of Trog the Wrathful
  2182 | D:3      | Noticed Grinder
  2526 | D:4      | Acquired Trog's first power
  2688 | D:4      | Reached XP level 6. HP: 36/38 MP: 6/6
  3346 | D:5      | Entered Level 5 of the Dungeon
  3558 | D:5      | Reached XP level 7. HP: 30/44 MP: 7/7
  3569 | D:5      | Reached skill level 5 in Staves
  3795 | D:5      | Reached skill level 5 in Fighting
  3869 | D:5      | Noticed Prince Ribbit
  3895 | D:5      | Killed Prince Ribbit
  3897 | D:5      | Acquired Trog's second power
  4183 | D:5      | Found a staircase to the Ecumenical Temple.
  4214 | D:5      | Reached XP level 8. HP: 48/50 MP: 8/8
  5046 | D:5      | Reached skill level 6 in Staves
  5349 | D:6      | Found a staircase to the Ecumenical Temple.
  5428 | D:6      | Noticed Vidiiot's ghost (average LOAM)
  5443 | D:6      | Killed Vidiiot's ghost
  5443 | D:6      | Reached skill level 5 in Armour
  6171 | D:7      | Reached skill level 1 in Evocations
  6354 | D:7      | Reached XP level 9. HP: 50/56 MP: 9/11
  6472 | D:7      | Paralysed by a giant eyeball for 4 turns
  6503 | D:7      | Paralysed by a giant eyeball for 3 turns
  6510 | D:7      | Paralysed by a giant eyeball for 4 turns
  6520 | D:7      | Reached skill level 7 in Staves
  7097 | D:7      | Slain by an orc warrior

Action                   |  1- 3 |  4- 6 |  7- 9 || total
-------------------------+-------+-------+-------++-------
Melee: Quarterstaff      |    85 |   316 |   404 ||   805
       Trident           |       |       |     3 ||     3
 Fire: Bow               |       |       |    28 ||    28
Throw: Throwing net      |       |     3 |     5 ||     8
       Tomahawk          |       |       |     4 ||     4
Invok: Berserk           |       |       |     4 ||     4
       Trog's Hand       |       |       |     5 ||     5
Evoke: Wand              |       |       |     1 ||     1
  Use: Scroll            |       |     8 |     3 ||    11
       Potion            |       |       |     1 ||     1
 Stab: Held in net/web   |       |     3 |     1 ||     4
